 Dungeon Crawl Stone Soup version 0.28-a0-622-gbaef9634d7 (webtiles) character file.

Game seed: 14934619848010121523

56 funkygono the Firebug (level 3, -6/19 HPs)
             Began as a Gargoyle Fire Elementalist on Oct 8, 2021.
             Mangled by an iguana (10 damage)
             ... on level 4 of the Dungeon.
             The game lasted 00:02:16 (1289 turns).

funkygono the Firebug (Gargoyle Fire Elementalist)  Turns: 1289, Time: 00:02:17

Health: -6/19      AC:  6    Str: 11    XL:     3   Next: 97%
Magic:  0/7        EV: 12    Int: 16    God:
Gold:   65         SH:  0    Dex: 10    Spells: 2/8 levels left

rFire   . . .      SeeInvis .   g - +0 whip
rCold   . . .      Faith    .   (no shield)
rNeg    + . .      Spirit   .   a - +0 robe
rPois   ∞          Reflect  .   (no helmet)
rElec   +          Harm     .   (no cloak)
rCorr   .          Rampage  .   (no gloves)
Will    .....                   j - +0 pair of boots
Stlth   ++........              (no amulet)
HPRegen 0.06/turn               (no ring)
MPRegen 0.10/turn               (no ring)

@: no status effects
A: sickness immunity, AC +3, negative energy resistance 1, electricity
resistance, torment resistance 1, petrification resistance
a: no special abilities


You were on level 4 of the Dungeon.
You visited 1 branch of the dungeon, and saw 3 of its levels.

You collected 65 gold pieces.

Inventory:

Hand Weapons
 g - a +0 whip (weapon)
Missiles
 c - 18 stones
Armour
 a - a +0 robe (worn)
 j - a +0 pair of boots (worn)
Scrolls
 h - a scroll of torment {unknown}
 i - a scroll of vulnerability {unknown}
Potions
 b - a potion of experience {unknown}
 d - a potion of heal wounds {unknown}
 e - 3 potions of flight {unknown}
 f - a potion of brilliance {unknown}
 k - a potion of curing {unknown}


   Skills:
 + Level 0.1 Maces & Flails
 + Level 1.7 Dodging
 - Level 2.1 Stealth
 * Level 3.0 Spellcasting
 * Level 1.5 Conjurations
 * Level 3.7 Fire Magic


You had 2 spell levels left.
You knew the following spells:

 Your Spells              Type           Power      Damage    Failure   Level
a - Foxfire               Conj/Fire      40%        2x1d6     6%          1
b - Scorch                Fire           28%        2d6       6%          2
c - Conjure Flame         Conj/Fire      10%        6-21      19%         3

Your spell library contained the following spells:

 Spells                   Type           Power      Damage    Failure   Level
 Inner Flame              Hex/Fire       8%         N/A       26%         3
 Flame Wave               Conj/Fire      10%        3d4       54%         4


Dungeon Overview and Level Annotations

Branches:
Dungeon (2/15)

Altars:

Shops:
D:4 (


Innate Abilities, Weirdness & Mutations

You are immune to sickness and miasma.
Your stone body is resilient. (AC +3)
You are immune to poison.
You resist negative energy. (rN+)
You are resistant to electric shocks. (rElec)
You are resistant to unholy torment.
You are immune to petrification.


Message History

You don't have enough magic to cast this spell.
You closely miss the adder.
The adder is moderately wounded.
The foxfire hits the adder.
The adder is heavily wounded.
The foxfire hits the adder.
The adder is almost dead.
The adder bites you.
You hit the adder.
You kill the adder!
Your Spellcasting skill increases to level 3!
Found a scroll labelled BACOUBRETE.
Found a stone staircase leading down.
The iguana bites you.
You see here an adder corpse.
You barely miss the iguana. The iguana barely misses you.
You hit the iguana.
The iguana is moderately wounded.
The iguana misses you.
You closely miss the iguana.
The iguana is lightly wounded.
The iguana bites you.
Casting: Foxfire (safe; 6% risk of failure)
Confirm with . or Enter, or press ? or * to list all spells.
You conjure some foxfire!
The iguana closely misses you.
You closely miss the iguana.
The iguana is lightly wounded.
The foxfire hits the iguana.
The iguana is moderately wounded.
The foxfire hits the iguana but does no damage.
The iguana is moderately wounded.
The iguana bites you!
* * * LOW HITPOINT WARNING * * *
You hit the iguana but do no damage.
The iguana is moderately wounded.
The iguana barely misses you.
You barely miss the iguana.
The iguana is moderately wounded.
The iguana bites you!
Ouch! That really hurt!
You die...

.......
#.........
#.........
#.........
.........
.........
##........
#.†l......
#.@.....<>
...............
.........≈≈≈...
........≈≈≈≈≈..
.?.$....≈≈∩≈≈..
......##≈≈.≈≈..
...... #≈.≈...
.....# #.....


You could see an iguana.

Vanquished Creatures
  3 adders
  A dart slug (D:2)
  4 bats
  2 endoplasms (D:2)
  4 goblins
  2 hobgoblins (D:1)
  2 quokkas (D:2)
  3 ball pythons (D:1)
  2 frilled lizards (D:1)
  2 kobolds
  3 rats
28 creatures vanquished.

Vanquished Creatures (others)
  74 foxfires
74 creatures vanquished.

Grand Total: 102 creatures vanquished

Notes
Turn   | Place    | Note
-------+----------+-------------------------------------------
     0 | D:1      | funkygono the Gargoyle Fire Elementalist began the quest
                  | for the Orb.
     0 | D:1      | Reached XP level 1. HP: 10/10 MP: 3/3
    62 | D:1      | Found a faded altar of an unknown god.
   200 | D:1      | Reached XP level 2. HP: 15/15 MP: 1/5
   203 | D:1      | Learned a level 2 spell: Scorch
   987 | D:2      | Reached XP level 3. HP: 19/19 MP: 0/6
   994 | D:2      | Learned a level 3 spell: Conjure Flame
  1273 | D:2      | You fall into a shaft and drop 2 floors!
  1273 | D:4      | Found Beodo's Antique Weapon Boutique.
  1289 | D:4      | Mangled by an iguana

Illustrated notes

Levels and vault maps discovered:
D:1:      pf_arrival_petrified_forest, layout_basic,
          shapermc_ecumenical_altar_rom_forum
D:2:      layout_rooms
D:4:      layout_rooms, biasface_ghost_orc_armoury, serial_shops,
          nicolae_shop_waterfront, nicolae_square_shop, nicolae_shop_waterfront,
          kennysheep_mini_moat, shop, kennysheep_generic_room_3

Skill      XL: |  1  2  3 |
---------------+----------+-----
Spellcasting   | 3 |  3.0
Maces & Flails | |  0.1
Dodging        | |  1.7
Stealth        | |  2.1
Conjurations   | |  1.5
Fire Magic     | |  3.7

Action                   || total
-------------------------++-------
Melee: Club              ||     3
       Whip              ||    10
 Cast: Foxfire           ||    45
       Scorch            ||     4
 Stab: Sleeping          ||     1
Armor: Robe              ||     4
Dodge: Dodged            ||     8

Table legend: (Time is in decaauts)
 A = Elapsed time spent in this place.
 B = Non-inter-level travel time spent in this place.
 C = Inter-level travel time spent in this place.
 D = Time resting spent in this place.
 E = Time spent auto-exploring this place.
 F = Levels seen in this place.
 G = Mean time per level.
                   A        B        C        D        E       F      G
               +--------+--------+--------+--------+--------+-----+--------+
         Total |   1289 |   1255 |     34 |      0 |   1041 |   3 |  429.7 |
       Dungeon |   1289 |   1255 |     34 |      0 |   1041 |   3 |  429.7 |
               +--------+--------+--------+--------+--------+-----+--------+

Top non-repeatable levels by time:
     D:1: 798 daAuts
     D:2: 474 daAuts
     D:4: 16 daAuts
